 Dungeon Crawl Stone Soup version 0.28.0-45-g0d030f2227 (webtiles) character file.

Game seed: 3734594247099941030

676 boopmooplesden the Chopper (level 7, -4/63 HPs)
             Began as a Minotaur Berserker on Apr 14, 2022.
             Was a Priest of Trog.
             Slain by a gnoll
             ... wielding a +4 vampiric halberd
              (16 damage)
             ... on level 3 of the Dungeon.
             The game lasted 00:06:53 (4908 turns).

boopmooplesden the Chopper (Minotaur Berserker)     Turns: 4908, Time: 00:06:54

Health: -4/63      AC:  4    Str: 23    XL:     7   Next: 33%
Magic:  6/6        EV: 12    Int:  4    God:    Trog [***...]
Gold:   194        SH:  0    Dex: 10    Spells: 6/6 levels left

rFire   . . .      SeeInvis .   a - +1 hand axe (flame)
rCold   . . .      Faith    .   (no shield)
rNeg    . . .      Spirit   .   b - +0 animal skin
rPois   .          Reflect  .   (helmet restricted)
rElec   .          Harm     .   n - +1 cloak {Stlth+}
rCorr   .          Rampage  .   (no gloves)
Will    .....                   (no boots)
Stlth   +++.......              (no amulet)
HPRegen 0.20/turn               (no ring)
MPRegen 0.10/turn               (no ring)

@: on berserk cooldown, slowed, very slow
A: horns 2, retaliatory headbutt
a: Renounce Religion, Berserk, Trog's Hand


You were on level 3 of the Dungeon.
You worshipped Trog.
Trog was most pleased with you.
You visited 1 branch of the dungeon, and saw 5 of its levels.
You also visited: Sewer.

You collected 194 gold pieces.

Inventory:

Hand Weapons
 a - a +1 hand axe of flaming (weapon)
Missiles
 d - 3 throwing nets (quivered)
Armour
 b - a +0 animal skin (worn)
 n - a +1 cloak of stealth (worn)
Wands
 l - a wand of polymorph (7)
Scrolls
 f - 2 scrolls of identify
 p - 2 scrolls of teleportation
 s - 4 scrolls of blinking
Potions
 e - 3 potions of lignification
 g - 2 potions of magic
 h - a potion of ambrosia {unknown}
 i - 7 potions of flight
 j - a potion of heal wounds {unknown}
 k - a potion of attraction {unknown}
 m - a potion of brilliance
 o - a potion of cancellation {unknown}
 q - a potion of mutation {unknown}


   Skills:
 + Level 6.0 Fighting
 + Level 7.5 Axes
 + Level 2.6 Armour
 + Level 3.9 Dodging
 + Level 2.3 Stealth


You had 6 spell levels left.
You didn't know any spells.
Your spell library was empty.

Dungeon Overview and Level Annotations

Branches:
Dungeon (5/15)              Sewer (visited)
 Temple: D:4-7

Altars:

Annotations:
D:3 1 transporter


Innate Abilities, Weirdness & Mutations

You have a pair of horns on your head.
You reflexively headbutt those who attack you in melee.


Message History

The gnoll is almost dead.
The gnoll zaps a wand.
You resist with some effort.
The gnoll throws a stone.
The stone closely misses you.
The gnoll zaps a wand.
You shrug off the repeated paralysis!
The gnoll misses you.
Aiming: Polymorph
Press: ? - help, Shift-Dir - straight line, f - gnoll
Aim: a gnoll, wielding a +0 spear and quivering stones (will become a dart slug, a quokka, or an orc, chance to affect: 57%)
The gnoll resists with significant effort.
The gnoll closely misses you. The gnoll hits you but does no damage.
You hit the gnoll. You burn the gnoll.
You kill the gnoll!
Trog accepts your kill.
The gnoll throws a stone.
The stone hits you.
The gnoll hits you from afar with a +0 spear.
* * * LOW HITPOINT WARNING * * *
The gnoll throws a stone.
The stone hits you.
* * * LOW HITPOINT WARNING * * *
There is an open translucent door here.
Things that are here:
a +2 halberd of electrocution; a gnoll corpse You close the door, pushing everything out of the way.
Things that are here:
a +2 halberd of electrocution; a gnoll corpse
Okay, then.
You feel better.
The gnoll throws a throwing net.
The throwing net misses you.
d - 4 throwing nets (gained 1)
A gnoll comes into view.
It is wielding a +0 flail and carrying a wand of polymorph (6).
Throw: 4 throwing nets
Press: ? - help, Q - select action, (/) - cycle Shift-Dir - straight line, f/p - gnoll
Aim: a gnoll, wielding a +0 spear and quivering stones (63% to hit)
You throw a throwing net.
The throwing net closely misses the gnoll.
The gnoll closely misses you.
Your black bear goes berserk!
You can no longer call in reinforcements.
The gnoll hits you from afar with a +4 vampiric halberd!
* * * LOW HITPOINT WARNING * * *
The gnoll closely misses you.
The gnoll hits you from afar with a +4 vampiric halberd!
You die...

#...................#
#.≈≈≈≈≈≈≈≈≈≈≈≈≈≈≈≈≈.#
##.≈≈≈≈≈≈≈≈≈≈≈≈≈≈≈≈≈.#
#..≈≈####.....####≈≈.##
#..≈≈#..#8###8#..#≈≈..#
#..≈≈#..###.###..#≈≈..#
###..≈≈#....)..g...#≈≈..#
.....≈≈###.##'##.###≈≈..###
.#...≈≈..#.#...#@#..≈≈....##
...#.≈≈.##.'.).+.##.≈≈.#.#.##
#.##.≈≈.#..#...#gh#.≈≈....#.#
#.##.≈≈.##.##.##.##.≈≈.#.>.##
#.##.....#.#...#.#..≈≈.##.##
#.##....©#.g.©.'.#©.≈≈.##.#
.........#.#8⌠8#.#..≈≈.##.#
#.##.≈≈.##.#####.##.≈≈.##.##
#.##.≈≈.#©.# #..#.≈≈.#...# #


You could see 3 gnolls and a friendly black bear (summoned, berserk).

Vanquished Creatures
  A necrophage (D:5)
  A water moccasin skeleton (D:4)
  A bullfrog zombie (D:5)
  2 jellies (D:4)
  An orc priest (D:5)
  Crazy Yiuf (D:2)
  A gnoll shaman (D:4)
  An iguana (D:4)
  An orc wizard (D:5)
  2 hound skeletons
  Robin (D:3)
  6 gnolls
  5 adders
  7 river rats
  3 orcs (D:5)
  13 ball pythons
  10 bats
  8 endoplasms
  5 giant cockroaches
  14 goblins
  8 hobgoblins
  5 jackals
  4 kobolds
  4 quokkas
  5 frilled lizards
  9 rats
119 creatures vanquished.

Vanquished Creatures (collateral kills)
  A quokka skeleton (D:4)
1 creature vanquished.

Vanquished Creatures (others)
  6 plants (D:3)
6 creatures vanquished.

Grand Total: 126 creatures vanquished

Notes
Turn   | Place    | Note
-------+----------+-------------------------------------------
     0 | D:1      | boopmooplesden the Minotaur Berserker began the quest for
                  | the Orb.
     0 | D:1      | Reached XP level 1. HP: 19/19 MP: 0/0
   245 | D:1      | Reached XP level 2. HP: 23/27 MP: 1/1
   390 | D:1      | Reached skill level 4 in Axes
  1159 | D:2      | Reached ** piety under Trog
  1160 | D:2      | Reached XP level 3. HP: 31/33 MP: 2/2
  1616 | D:2      | Found a runed translucent door.
  1617 | D:2      | Noticed Crazy Yiuf
  1771 | D:2      | Killed Crazy Yiuf
  1772 | D:2      | Reached XP level 4. HP: 41/41 MP: 3/3
  1978 | D:3      | Reached skill level 5 in Axes
  2197 | D:3      | You fall into a shaft and drop 2 floors!
  2197 | D:5      | Entered Level 5 of the Dungeon
  2243 | D:5      | Noticed a necrophage
  2258 | D:5      | Reached skill level 5 in Fighting
  2261 | D:5      | Reached skill level 1 in Stealth
  2261 | D:5      | Reached XP level 5. HP: 43/48 MP: 4/4
  2266 | D:5      | Killed a necrophage
  2267 | D:5      | Reached skill level 6 in Axes
  2267 | D:5      | Reached XP level 6. HP: 8/56 MP: 5/5
  2784 | D:4      | Reached *** piety under Trog
  2802 | D:4      | Found a glowing drain.
  2806 | Sewer    | Entered a sewer
  3437 | Sewer    | Reached skill level 7 in Axes
  4023 | D:4      | Reached XP level 7. HP: 40/62 MP: 6/6
  4726 | D:3      | Noticed Robin
  4742 | D:3      | Reached **** piety under Trog
  4746 | D:3      | Killed Robin
  4855 | D:3      | Found a transporter.
  4865 | D:3      | Found a transporter.
  4897 | D:3      | Paralysed by a gnoll for 2 turns
  4908 | D:3      | Slain by a gnoll

Illustrated notes

Levels and vault maps discovered:
D:1:      saegor_arrival_simple_a, layout_loops_cross, minmay_misc_feat_tower,
          feat_on_display
D:2:      layout_basic, minmay_octomino_j4, uniq_crazy_yiuf_cottage
D:3:      layout_loops_corners, shapermc_ecumenical_altar_petra,
          gammafunk_ghost_gnarly_gnolls, uniq_robin
D:4:      layout_basic, minmay_temple_entry_glass, serial_shops,
          nicolae_shop_overgrown_old_shop, gup_sewer_entry_bowl,
          kennysheep_generic_room_7
D:5:      minmay_razor_zed, layout_layer_cave, minmay_misc_feat_ornament

Skill      XL: |  1  2  3  4  5  6  7 |
---------------+----------------------+-----
Axes           | 4 5 6 7 |  7.5
Fighting       | 4 5 6 |  6.0
Stealth        | 1 2 |  2.3
Dodging        | 3 |  3.9
Armour         | |  2.6

Action                   |  1- 3 |  4- 6 |  7- 9 || total
-------------------------+-------+-------+-------++-------
Melee: Hand axe          |    75 |   136 |    52 ||   263
       Headbutt          |    13 |     9 |    10 ||    32
       Punch             |     2 |     2 |       ||     4
       Unarmed           |     2 |       |       ||     2
Throw: Throwing net      |       |       |     1 ||     1
Invok: Berserk           |     1 |     3 |     1 ||     5
       Brothers in Arms  |       |       |     1 ||     1
Evoke: Wand              |       |       |     1 ||     1
  Use: Scroll            |     2 |     7 |     7 ||    16
       Potion            |       |       |     2 ||     2
 Stab: Sleeping          |     1 |     6 |     1 ||     8
Armor: Animal skin       |    20 |    42 |    20 ||    82
Dodge: Dodged            |    50 |    98 |    31 ||   179
